 Dungeon Crawl Stone Soup version 0.26.0-57-g60708a5e39 (webtiles) character file.

Game seed: 1572259217489967984

100 Gadfly the Cudgeller (level 4, -2/44 HPs)
             Began as an Ogre Gladiator on Feb 2, 2021.
             Was a Follower of Elyvilon.
             Slain by Crazy Yiuf
             ... wielding a +2 quarterstaff of chaos
              (7 damage)
             ... on level 3 of the Dungeon.
             The game lasted 00:03:15 (3499 turns).

Gadfly the Cudgeller (Ogre Gladiator)               Turns: 3499, Time: 00:03:19

Health: -2/44      AC:  5    Str: 19    XL:     4   Next: 74%
Magic:  5/5        EV: 10    Int:  9    God:    Elyvilon [*.....]
Gold:   191        SH:  0    Dex: 10    Spells: 3/3 levels left

rFire    . . .     SeeInvis .   a - +0 flail
rCold    . . .     Faith    .   (no shield)
rNeg     . . .     Spirit   .   b - +0 robe
rPois    .         Reflect  .   c - +1 hat
rElec    .         Harm     .   i - +0 cloak
rCorr    .         Rampage  .   (gloves unavailable)
Will     .....                  (boots unavailable)
Stlth    +.........             (no amulet)
HPRegen  0.14/turn              (no ring)
MPRegen  0.09/turn              (no ring)

@: brilliant, lethally poisoned (-2 -> -11), very slightly contaminated,
invisible
A: large, unfitting armour, tough skin 1
a: Renounce Religion, Lesser Healing, Divine Protection


You were on level 3 of the Dungeon.
You worshipped Elyvilon.
Elyvilon was aware of your devotion.
You visited 1 branch of the dungeon, and saw 3 of its levels.

You collected 191 gold pieces.

Inventory:

Hand Weapons
 a - a +0 flail (weapon)
Missiles
 d - 3 throwing nets
 j - 81 stones (quivered)
Armour
 b - a +0 robe (worn)
 c - a +1 hat (worn)
 i - a +0 cloak (worn)
Scrolls
 f - a scroll of enchant armour
 m - 3 scrolls of remove curse
 n - a scroll of teleportation
 t - 2 scrolls of fear
Potions
 e - a potion of lignification {unknown}
 g - 5 potions of curing
 k - a potion of berserk rage {unknown}
 l - a potion of heal wounds {unknown}
 o - 3 potions of might


   Skills:
 - Level 2.6 Fighting
 + Level 3.0 Maces & Flails
 + Level 2.2 Throwing
 * Level 1.6 Armour
 - Level 2.6 Dodging
 * Level 2.2 Invocations
 * Level 1.5 Evocations


You had 3 spell levels left.
You didn't know any spells.
Your spell library was empty.

Dungeon Overview and Level Annotations

Branches:
Dungeon (3/15)

Altars:
Elyvilon
Qazlal

Annotations:
D:3 Crazy Yiuf


Innate Abilities, Weirdness & Mutations

You are too large for most types of armour.
You have tough skin. (AC +1)


Message History

Autopickup disabled for potions of brilliance.
You drop a potion of brilliance.
It was a potion of magic.
Magic courses through your body.
It was a potion of invisibility.
You fade into invisibility!
Crazy Yiuf says, "Scoff!"
You are very lightly contaminated with residual magic.
You open the door.
Crazy Yiuf whimpers, "Whiteboard Orb Guardian chair!"
You closely miss Crazy Yiuf.
Crazy Yiuf hits you with a +2 quarterstaff of chaos!
You are poisoned.
You barely miss Crazy Yiuf.
You feel sick. Crazy Yiuf barely misses you.
You hit Crazy Yiuf but do no damage.
You feel sick.
Crazy Yiuf hits you with a +2 quarterstaff of chaos.
Crazy Yiuf freezes you.
Crazy Yiuf hits you with a +2 quarterstaff of chaos!
* * * LOW HITPOINT WARNING * * *
Crazy Yiuf freezes you!
You die...

........###.#
........'..##
........####
........#### #####
...........# #)..#
...........# #...#
...........# *...*
...##......# *#g#*
.#.##......# #@##
...?.......# ##.#
...##...#### #.##
...##...## ##.#
....'....### ##.##
..###......# ##P..#
...#.......# #P.P.#
.#.#.......# #....#
.#.#.......####....#


You could see Crazy Yiuf.

Vanquished Creatures
  An ooze (D:3)
  A worm (D:3)
  3 dart slugs
  6 leopard geckos
  2 orcs (D:3)
  13 bats
  4 giant cockroaches
  9 goblins
  11 hobgoblins
  3 jackals
  3 quokkas
  6 frilled lizards
  4 kobolds
  4 rats
70 creatures vanquished.

Notes
Turn   | Place    | Note
-------+----------+-------------------------------------------
     0 | D:1      | Gadfly the Ogre Gladiator began the quest for the Orb.
     0 | D:1      | Reached XP level 1. HP: 22/22 MP: 1/1
   111 | D:1      | Reached XP level 2. HP: 16/29 MP: 2/2
   531 | D:1      | Reached skill level 1 in Invocations
   722 | D:1      | Reached XP level 3. HP: 36/36 MP: 3/3
   752 | D:1      | Reached skill level 1 in Armour
   752 | D:1      | Reached skill level 1 in Evocations
  1943 | D:2      | Found a white marble altar of Elyvilon.
  1944 | D:2      | Found a stormy altar of Qazlal.
  1950 | D:2      | Became a worshipper of Elyvilon the Healer
  2311 | D:2      | Reached XP level 4. HP: 44/44 MP: 5/5
  2753 | D:3      | Reached * piety under Elyvilon
  2851 | D:3      | Found a runed translucent door.
  2852 | D:3      | Noticed Crazy Yiuf
  3267 | D:3      | Reached skill level 3 in Maces & Flails
  3499 | D:3      | Slain by Crazy Yiuf

Illustrated notes

Levels and vault maps discovered:
D:1:      lightli_arrival_statue_moat, layout_basic, serial_rivers,
          chequers_serial_rivers_room_a, chequers_serial_rivers_room_b,
          chequers_serial_rivers_micro_d, chequers_serial_rivers_micro_b,
          dk_noncrumbling_4, st_stairs_3
D:2:      layout_basic, gammafunk_temple_overflow_pools
D:3:      layout_basic, uniq_crazy_yiuf_cottage

Skill      XL: |  1  2  3  4 |
---------------+-------------+-----
Invocations    | 1 2 |  2.2
Armour         | 1 |  1.6
Evocations     | 1 |  1.5
Maces & Flails | 3 |  3.0
Fighting       | |  2.6
Throwing       | |  2.2
Dodging        | |  2.6

Action                   |  1- 3 |  4- 6 || total
-------------------------+-------+-------++-------
Melee: Flail             |   171 |    87 ||   258
Throw: Stone             |       |     3 ||     3
  Use: Scroll            |     5 |     5 ||    10
       Potion            |     1 |     4 ||     5
 Stab: Sleeping          |     1 |       ||     1
Armor: Robe              |    70 |    46 ||   116
Dodge: Dodged            |   117 |    54 ||   171
